 Dungeon Crawl Stone Soup version 0.31-a0-426-g3a05650e59 (webtiles) character file.

Game seed: 3401686618106823003

51 Gelion the Changeling (level 3, -3/24 HPs)
             Began as an Octopode Shapeshifter on July 30, 2023.
             Slain by a centaur (5 damage)
             ... on level 3 of the Dungeon.
             The game lasted 00:02:40 (1403 turns).

Gelion the Changeling (Octopode Shapeshifter)       Turns: 1403, Time: 00:02:41

Health: -3/24      AC:  1    Str: 14    XL:     3   Next: 81%
Magic:  3/3        EV: 13    Int: 10    God:
Gold:   20         SH:  0    Dex: 14    Spells: 2/2 levels left

rFire   . .          .
                       - Unarmed
rCold   . . .        (no shield)
rNeg    . . .        (helmet currently unavailable)
rPois   .            (no amulet)
rElec   .            (no ring)
rCorr   .            (no ring)
SInv    .            (no ring)
Will    .....        (no ring)
Stlth   ++           (no ring)
HPRegen 0.24/turn    (no ring)
MPRegen 0.08/turn    (no ring)
                     (no ring)

%: no passive effects
@: beast-form
A: beast (slay +2), almost no armour, amphibious, 8 rings, camouflage 1,
gelatinous body 1, (nimble swimmer 1), tentacles
a: Begin Untransformation


You were on level 3 of the Dungeon.
You were a hulking beast.
You visited 1 branch of the dungeon, and saw 3 of its levels.

You collected 20 gold pieces.

Inventory:

Missiles
 c - 20 stones
Jewellery
 n - an amulet of magic regeneration
Talismans
 b - a beast talisman (active)
Scrolls
 d - 3 scrolls of identify {unknown}
 h - a scroll of teleportation {unknown}
 j - 2 scrolls of immolation {unknown}
 m - a scroll of fear {unknown}
Potions
 a - a potion of lignification
 e - 3 potions of enlightenment {unknown}
 f - a potion of curing {unknown}
 g - a potion of berserk rage {unknown}
 i - a potion of haste {unknown}
 k - a potion of invisibility {unknown}
 l - a potion of cancellation {unknown}


   Skills:
 + Level 1.9 Fighting
 - Level 2.0 Dodging
 + Level 3.4 Unarmed Combat
 * Level 3.6 Shapeshifting


You had 2 spell levels left.
You didn't know any spells.
Your spell library contained the following spells:

 Spells                   Type           Power      Damage    Failure   Level
 Kiss of Death            Conj/Necr      0%         2d5       36%         1
 Static Discharge         Conj/Air       0%         2-2/arc   50%         2
 Confusing Touch          Hex            0%         N/A       75%         3
 Airstrike                Air            0%         2d(0-16)  98%         4
 Dispel Undead            Necr           0%         3d6       98%         4
 Summon Lightning Spire   Summ/Air       0%         N/A       98%         4
 Simulacrum               Ice/Necr       0%         N/A       100%        6
 Ozocubu's Refrigeration  Ice            0%         4d7       100%        7
 Polar Vortex             Ice            0%         N/A       100%        9


Dungeon Overview and Level Annotations

Branches:
Dungeon (3/15)

Altars:
Wu Jian


Innate Abilities, Weirdness & Mutations

You are a hulking beast.
Your limbs bulge with bestial killing power. (Slay +2)
You cannot wear most types of armour.
You are amphibious.
You can wear up to eight rings at the same time.
Your skin changes colour to match your surroundings (Stealth+).
Your rubbery body absorbs attacks. (AC +1, EV +1)
((You are camouflaged when in or above water. (Stealth+)))
You have tentacles for arms and can constrict up to eight enemies at once.


Message History

The centaur unwields a +0 shortbow.
The centaur hits you. The centaur closely misses you.
You tentacle-slap the centaur.
The centaur is lightly wounded.
The centaur closely misses you. The centaur kicks you.
You completely miss the centaur. Your squeeze misses the centaur.
The centaur is lightly wounded.
The centaur barely misses you.
The centaur kicks you but does no damage.
The centaur hits you. The centaur kicks you.
You tentacle-slap the centaur.
The centaur is lightly wounded.
The centaur hits you but does no damage.
The centaur misses you.
You barely miss the centaur.
The centaur is lightly wounded.
The centaur hits you but does no damage.
The centaur closely misses you. x2; The centaur completely misses you.
You tentacle-slap the centaur.
The centaur is lightly wounded.
The centaur hits you. The centaur barely misses you.
You tentacle-slap the centaur.
The centaur is heavily wounded.
The centaur misses you. x2; The centaur hits you.
The centaur completely misses you.
You barely miss the centaur. Your squeeze misses the centaur.
The centaur is heavily wounded.
The centaur hits you.
* * * LOW HITPOINT WARNING * * *
The centaur barely misses you.
You tentacle-slap the centaur.
The centaur is heavily wounded.
The centaur hits you.
* * * LOW HITPOINT WARNING * * *
The centaur closely misses you.
You tentacle-slap the centaur. Your squeeze misses the centaur.
The centaur is severely wounded.
The centaur closely misses you. The centaur barely misses you.
The centaur hits you.
You die...

.............##
##.###.##...###
...##.##...#
#.##.##...#
..#####........##
...........##..#
#..............#
######.####...#
#h# #...# #c#
#...# #.# ##..#
..# #..# ... .#
#..◎ ..## ##


You could see a centaur.

Vanquished Creatures
  An adder (D:2)
  3 dart slugs
  An endoplasm (D:1)
  5 goblins
  4 hobgoblins
  2 jackals (D:1)
  3 quokkas
  4 ball pythons
  2 frilled lizards (D:1)
  4 kobolds
  6 rats
35 creatures vanquished.

Notes
Turn   | Place    | Note
-------+----------+-------------------------------------------
     0 | D:1      | Gelion the Octopode Shapeshifter began the quest for the
                  | Orb.
     0 | D:1      | Reached XP level 1. HP: 13/13 MP: 1/1
   107 | D:1      | Reached XP level 2. HP: 17/18 MP: 2/2
   367 | D:1      | Reached XP level 3. HP: 23/23 MP: 3/3
   774 | D:2      | Found an ornate altar of the Wu Jian Council.
  1368 | D:3      | Found a faded altar of an unknown god.
  1392 | D:3      | Noticed a centaur
  1403 | D:3      | Slain by a centaur

Illustrated notes

Levels and vault maps discovered:
D:1:      lemuel_arrival_broad_hall, layout_basic
D:2:      layout_basic, basic_altar
D:3:      layout_loops_ring, nicolae_overflow_hidden_temple, trog_hazing_becter,
          mainiacjoe_overflow_catwalk, ebering_ecumenical_altar_petrified,
          uniq_natasha

Action                     || total
---------------------------++-------
  Melee: Unarmed           ||    68
         Constrict         ||    15
         Tentacles         ||    11
         Punch             ||     1
   Stab: Sleeping          ||     7
 Armour: Skin              ||     4
  Dodge: Dodged            ||    34

Table legend: (Time is in decaauts)
 A = Elapsed time spent in this place.
 B = Non-inter-level travel time spent in this place.
 C = Inter-level travel time spent in this place.
 D = Time resting spent in this place.
 E = Time spent auto-exploring this place.
 F = Levels seen in this place.
 G = Mean time per level.
                   A        B        C        D        E       F      G
               +--------+--------+--------+--------+--------+-----+--------+
         Total |   1398 |   1323 |     75 |      0 |   1112 |   3 |  466.0 |
       Dungeon |   1398 |   1323 |     75 |      0 |   1112 |   3 |  466.0 |
               +--------+--------+--------+--------+--------+-----+--------+

Top non-repeatable levels by time:
     D:2: 828 daAuts
     D:1: 536 daAuts
     D:3: 34 daAuts
